 Dungeon Crawl Stone Soup version 0.28-a0-730-g892d06dc2c (webtiles) character file.

Game seed: 15807712596772095922

14 Sabo the Shield-Bearer (level 2, 19/19 HPs)
             Began as a Gargoyle Fighter on Oct 28, 2021.
             Was a Follower of Sif Muna.
             Got out of the dungeon alive.
             The game lasted 00:04:19 (1051 turns).

Sabo the Shield-Bearer (Gargoyle Fighter)           Turns: 1051, Time: 00:04:20

Health: 19/19      AC:  9    Str: 19    XL:     2   Next: 41%
Magic:  2/2        EV:  9    Int:  8    God:    Sif Muna [*.....]
Gold:   8          SH:  4    Dex:  9    Spells: 1/1 levels left

rFire   . . .      SeeInvis .   a - +0 war axe
rCold   . . .      Faith    .   c - +0 buckler
rNeg    + . .      Spirit   .   b - +0 scale mail
rPois   ∞          Reflect  .   (no helmet)
rElec   +          Harm     .   (no cloak)
rCorr   .          Rampage  .   (no gloves)
Will    .....                   (no boots)
Stlth   ..........              (no amulet)
HPRegen 0.06/turn               (no ring)
MPRegen 0.08/turn               (no ring)

@: no status effects
A: sickness immunity, AC +2, negative energy resistance 1, electricity
resistance, torment resistance 1, petrification resistance
a: Renounce Religion, Channel Magic


You escaped.
You worshipped Sif Muna.
Sif Muna was aware of your devotion.
You visited 1 branch of the dungeon, and saw 1 of its levels.

You collected 8 gold pieces.

Inventory:

Hand Weapons
 a - a +0 war axe (weapon)
Missiles
 g - 6 javelins (quivered)
Armour
 b - a +0 scale mail (worn)
 c - a +0 buckler (worn)
Scrolls
 e - 2 scrolls of blinking {unknown}
 h - a scroll of identify {unknown}
Potions
 d - a potion of might
 f - a potion of brilliance {unknown}


   Skills:
 + Level 3.4 Fighting
 + Level 1.8 Axes
 + Level 3.6 Armour
 + Level 3.6 Shields


You had one spell level left.
You didn't know any spells.
Your spell library was empty.

Dungeon Overview and Level Annotations

Branches:
Dungeon (1/15)

Altars:
Sif Muna

Shops:
D:1 *


Innate Abilities, Weirdness & Mutations

You are immune to sickness and miasma.
Your stone body is resilient. (AC +2)
You are immune to poison.
You resist negative energy. (rN+)
You are resistant to electric shocks. (rElec)
You are resistant to unholy torment.
You are immune to petrification.


Message History

You barely miss the bat. The bat barely misses you. You block the bat's attack.
You completely miss the bat. The bat closely misses you.
The bat hits you but does no damage.
You hit the bat.
You kill the bat!
Found a stone staircase leading down.
You open the door.
There is an open door here.
You open the door.
There is an open door here.
Found a scroll labelled VIECEADDEC.
e - 2 scrolls labelled VIECEADDEC (gained 1)
You see here 14 stones.
Found Hawe's General Store.
There is an entrance to Hawe's General Store here.
You open the door.
There is an open door here.
A hobgoblin comes into view.
The hobgoblin shouts!
The hobgoblin hits you but does no damage.
You slash the hobgoblin!
You kill the hobgoblin!
You open the door.
There is an open door here.
There is an open door here.
Found 20 stones and a leather armour.
You see here 20 stones.
You open the door.
Found a faded altar of an unknown god.
There is an open door here.
There is a faded altar of an unknown god here.
You cannot tell which god this altar belongs to.
Convert to them anyway?
Sif Muna accepts your prayer! Sif Muna welcomes you!
You can now call upon Sif Muna for magical energy.
There is an open door here.
There is an open door here.
There is a staircase leading out of the dungeon here.
Are you sure you want to leave the Dungeon?
This will make you lose the game!
You have escaped!

...(..........................(..
............##.....##.........###
##.........##...#...####.......#
#.#.......#...###...# #.......#
#.#.......#...# #...# #.......##
#.#....####..#####..###.........
##.########.......)...##.........
........∩.#...........##.........
##.#####..#.⌠...@...⌠.##......#..
.#....###.#...........##.......#.
......###.#...........##....###..
..........####..#..######'####...
.....##########...## #.....# #...
..[..........#.....# #.....# #.#.
....#.######.##..#####.....#####.
....+................'...........
....#.######.###....##.....#.....


There were no monsters in sight!

Vanquished Creatures
  A dart slug (D:1)
  2 ball pythons (D:1)
  An endoplasm (D:1)
  A goblin (D:1)
  2 hobgoblins (D:1)
  A quokka (D:1)
  2 bats (D:1)
10 creatures vanquished.

Notes
Turn   | Place    | Note
-------+----------+-------------------------------------------
     0 | D:1      | Sabo the Gargoyle Fighter began the quest for the Orb.
     0 | D:1      | Reached XP level 1. HP: 14/14 MP: 1/1
   405 | D:1      | Reached XP level 2. HP: 19/19 MP: 2/2
   786 | D:1      | Found Hawe's General Store.
  1004 | D:1      | Found a faded altar of an unknown god.
  1008 | D:1      | Prayed at the altar of an unknown god.
  1008 | D:1      | Became a worshipper of Sif Muna the Loreminder
  1008 | D:1      | Reached * piety under Sif Muna
  1051 | D:$      | Got out of the dungeon alive.

Illustrated notes

Levels and vault maps discovered:
D:1:      dpeg_arrival_arbitrary_c, layout_basic, serial_shops, shop,
          shapermc_ecumenical_altar_mp_vishouse, minivault_24

Action                   || total
-------------------------++-------
Melee: War axe           ||    32
Armor: Scale mail        ||    18
Dodge: Dodged            ||    27
Block: Buckler           ||     8

Table legend: (Time is in decaauts)
 A = Elapsed time spent in this place.
 B = Non-inter-level travel time spent in this place.
 C = Inter-level travel time spent in this place.
 D = Time resting spent in this place.
 E = Time spent auto-exploring this place.
 F = Levels seen in this place.
 G = Mean time per level.
                   A        B        C        D        E       F      G
               +--------+--------+--------+--------+--------+-----+--------+
         Total |   1064 |   1064 |      0 |    156 |      0 |   1 | 1064.0 |
       Dungeon |   1064 |   1064 |      0 |    156 |      0 |   1 | 1064.0 |
               +--------+--------+--------+--------+--------+-----+--------+

Top non-repeatable levels by time:
     D:1: 1064 daAuts
